 Dungeon Crawl Stone Soup version 0.26.1-11-gd32895ea62 (webtiles) character file.

Game seed: 15009784552031727780

276 Almogavar the Fighter (level 6, -1/85 HPs)
             Began as a Gnoll Wanderer on Apr 29, 2021.
             Was an Initiate of Okawaru.
             Slain by an ice beast (7 damage)
             ... in the Ecumenical Temple.
             The game lasted 00:09:59 (3872 turns).

Almogavar the Fighter (Gnoll Wanderer)              Turns: 3872, Time: 00:10:00

Health: -1/85      AC: 23    Str: 15    XL:     6   Next: 25%
Magic:  8/8        EV:  2    Int: 16    God:    Okawaru [......]
Gold:   158        SH:  0    Dex: 14    Spells: 8/8 levels left

rFire    . . .     SeeInvis .   a - +0 falchion
rCold    . . .     Faith    .   (no shield)
rNeg     + + +     Spirit   .   (armour currently unavailable)
rPois    +         Reflect  .   (helmet currently unavailable)
rElec    .         Harm     .   (cloak currently unavailable)
rCorr    .         Rampage  .   (gloves currently unavailable)
Will     .....     NoTele   +   (boots currently unavailable)
Stlth    +++.......             (no amulet)
HPRegen  0.24/turn              (no ring)
MPRegen  0.11/turn              (no ring)

@: tree-form
A: distributed training, strong nose
a: Renounce Religion


You were in the Ecumenical Temple.
You worshipped Okawaru.
Okawaru was noncommittal.
You were a tree.
You visited 2 branches of the dungeon, and saw 5 of its levels.

You collected 158 gold pieces.

Inventory:

Hand Weapons
 a - a +0 falchion (weapon)
 e - a +0 dagger
 l - a +0 trident of flaming
 x - a +1 shortbow of freezing
Missiles
 j - 41 arrows
 m - 4 boomerangs
 o - 2 poisoned darts (quivered)
 p - 45 bolts
Armour
 c - a +0 kite shield
 g - a +0 chain mail (melded)
 n - a +0 cloak (melded)
 v - a scarf of resistance
Scrolls
 f - a scroll of blinking
 h - a scroll of teleportation {unknown}
 i - a scroll of immolation {unknown}
 t - a scroll of enchant weapon {unknown}
 w - a scroll of remove curse
Potions
 b - 2 potions of curing
 d - a potion of flight
 k - 2 potions of lignification
 q - a potion of brilliance {unknown}
 r - a potion of cancellation {unknown}
 u - a potion of degeneration {unknown}


   Skills:
 + Level 8.7 Fighting
 + Level 1.9 Short Blades
 + Level 3.2 Long Blades
 + Level 1.9 Axes
 + Level 1.9 Maces & Flails
 + Level 1.9 Polearms
 + Level 1.9 Staves
 + Level 1.9 Slings
 + Level 3.2 Bows
 + Level 1.9 Crossbows
 + Level 1.9 Throwing
 + Level 3.2 Armour
 + Level 1.9 Dodging
 + Level 4.5 Stealth
 + Level 3.2 Shields
 + Level 1.9 Unarmed Combat
 + Level 1.9 Spellcasting
 + Level 1.5 Conjurations
 + Level 1.5 Hexes
 + Level 1.5 Summonings
 + Level 1.5 Necromancy
 + Level 1.5 Translocations
 + Level 1.5 Transmutations
 + Level 1.5 Fire Magic
 + Level 1.5 Ice Magic
 + Level 1.5 Air Magic
 + Level 1.5 Earth Magic
 + Level 1.5 Poison Magic
 + Level 2.1 Invocations
 + Level 1.9 Evocations


You had 8 spell levels left.
You didn't know any spells.
Your spell library was empty.

Dungeon Overview and Level Annotations

Branches:
Dungeon (4/15)             Temple (1/1) D:4

Altars:
Gozag
Okawaru
Ru
Trog
Yredelemnul
Zin
The Shining One


Innate Abilities, Weirdness & Mutations

Your experience applies equally to all skills.
((You have very sharp teeth.))
Your uncanny sense of smell can sniff out nearby items.


Message History

The ice beast is lightly wounded.
The ice beast hits you but does no damage.
You hit the ice beast.
The ice beast is heavily wounded.
The ice beast hits you but does no damage.
You hit the ice beast but do no damage.
The ice beast is moderately wounded.
The ice beast hits you but does no damage.
You closely miss the ice beast.
The ice beast is moderately wounded.
The ice beast hits you.
* * * LOW HITPOINT WARNING * * *
The ice beast freezes you!
* * * LOW HITPOINT WARNING * * *
You hit the ice beast.
The ice beast is heavily wounded.
The ice beast hits you.
* * * LOW HITPOINT WARNING * * *
The ice beast freezes you!
You die...

#...#. #.. ..#..
...# . ..._ #.⌠##
#. #.... #....##
...#....#...#..##
.......#...#.#..#
.._...#Y..#...#..
.....#.♣.#.....#.
...#...#..._...#
#.#...#.........
.#...#....#...#
#....#.....#..#.
##⌠.#..._...8...
#....#....#..#..
..#...#..#...#
.#.#...#.......


You could see an ice beast.

Vanquished Creatures
  A hound (D:4)
  An orc priest (D:3)
  An orc wizard (D:3)
  An iguana (D:4)
  A worker ant (D:4)
  3 adders
  An ooze (D:3)
  An adder skeleton (D:4)
  2 worms (D:2)
  A dart slug (D:2)
  7 leopard geckos
  9 orcs (D:3)
  2 ball pythons
  3 giant cockroaches
  10 goblins
  3 hobgoblins
  6 jackals
  3 kobolds
  3 quokkas
  9 bats
  5 frilled lizards
  8 rats
  A spectral orc (D:2)
82 creatures vanquished.

Notes
Turn   | Place    | Note
-------+----------+-------------------------------------------
     0 | D:1      | Almogavar the Gnoll Wanderer began the quest for the Orb.
     0 | D:1      | Almogavar set off with the following items: a +0 falchion,
                  | a potion of curing, a +0 kite shield, a +0 robe, a +0
                  | dagger
     0 | D:1      | Reached XP level 1. HP: 26/26 MP: 1/1
   234 | D:1      | Reached XP level 2. HP: 33/33 MP: 2/2
   627 | D:1      | Reached XP level 3. HP: 36/38 MP: 3/3
  1188 | D:2      | Reached skill level 1 in Invocations
  1450 | D:2      | Reached skill level 1 in Short Blades
  1450 | D:2      | Reached skill level 1 in Axes
  1450 | D:2      | Reached skill level 1 in Maces & Flails
  1450 | D:2      | Reached skill level 1 in Polearms
  1450 | D:2      | Reached skill level 1 in Staves
  1450 | D:2      | Reached skill level 1 in Slings
  1450 | D:2      | Reached skill level 1 in Crossbows
  1450 | D:2      | Reached skill level 1 in Throwing
  1450 | D:2      | Reached skill level 1 in Dodging
  1450 | D:2      | Reached skill level 1 in Unarmed Combat
  1450 | D:2      | Reached skill level 1 in Spellcasting
  1450 | D:2      | Reached skill level 1 in Evocations
  1643 | D:2      | Reached XP level 4. HP: 43/45 MP: 5/5
  1700 | D:2      | Found a basalt altar of Yredelemnul.
  2230 | D:3      | Reached skill level 1 in Conjurations
  2230 | D:3      | Reached skill level 1 in Hexes
  2230 | D:3      | Reached skill level 1 in Summonings
  2230 | D:3      | Reached skill level 1 in Necromancy
  2230 | D:3      | Reached skill level 1 in Translocations
  2230 | D:3      | Reached skill level 1 in Transmutations
  2230 | D:3      | Reached skill level 1 in Fire Magic
  2230 | D:3      | Reached skill level 1 in Ice Magic
  2230 | D:3      | Reached skill level 1 in Air Magic
  2230 | D:3      | Reached skill level 1 in Earth Magic
  2230 | D:3      | Reached skill level 1 in Poison Magic
  2249 | D:3      | Reached XP level 5. HP: 20/51 MP: 6/6
  3657 | D:4      | Found a staircase to the Ecumenical Temple.
  3708 | Temple   | Entered the Ecumenical Temple
  3714 | Temple   | Became a worshipper of Warmaster Okawaru
  3756 | D:4      | Reached XP level 6. HP: 48/57 MP: 8/8
  3822 | D:4      | Noticed an ice beast
  3872 | Temple   | Slain by an ice beast

Illustrated notes

Levels and vault maps discovered:
D:1:      minmay_arrival_open_corners, layout_loops_corners, minmay_statues_item
D:2:      layout_basic, yredelemnul_forgotten_temple_becter,
          kennysheep_crisscross, minivault_25
D:3:      layout_loops_corners, dk_vineyard_3
D:4:      layout_basic, kennysheep_mini, overflow_temple_1_default,
          minmay_temple_entry_waves
Temple:   eino_temple_rhombus

Skill      XL: |  1  2  3  4  5 |
---------------+----------------+-----
Invocations    | 1 2 |  2.1
Short Blades   | 1 |  1.9
Axes           | 1 |  1.9
Maces & Flails | 1 |  1.9
Polearms       | 1 |  1.9
Staves         | 1 |  1.9
Slings         | 1 |  1.9
Crossbows      | 1 |  1.9
Throwing       | 1 |  1.9
Dodging        | 1 |  1.9
Unarmed Combat | 1 |  1.9
Spellcasting   | 1 |  1.9
Evocations     | 1 |  1.9
Conjurations   | 1 |  1.5
Hexes          | 1 |  1.5
Summonings     | 1 |  1.5
Necromancy     | 1 |  1.5
Translocations | 1 |  1.5
Transmutations | 1 |  1.5
Fire Magic     | 1 |  1.5
Ice Magic      | 1 |  1.5
Air Magic      | 1 |  1.5
Earth Magic    | 1 |  1.5
Poison Magic   | 1 |  1.5
Long Blades    | 3 |  3.2
Bows           | 3 |  3.2
Armour         | 3 |  3.2
Shields        | 3 |  3.2
Fighting       | |  8.7
Stealth        | |  4.5

Action                   |  1- 3 |  4- 6 || total
-------------------------+-------+-------++-------
Melee: Falchion          |   129 |   222 ||   351
       Bite              |    13 |    23 ||    36
       Punch             |       |     1 ||     1
 Fire: Shortbow          |       |     3 ||     3
Throw: Dart              |       |    13 ||    13
       Boomerang         |       |     6 ||     6
  Use: Scroll            |     1 |     4 ||     5
       Potion            |       |     2 ||     2
Armor: Chain mail        |    73 |   162 ||   235
       Skin              |       |    14 ||    14
Dodge: Dodged            |    14 |    71 ||    85
Block: Kite shield       |    52 |    74 ||   126
       Rpst.: Falchion   |     5 |    22 ||    27
